 Dungeon Crawl Stone Soup version 0.29-a0-994-gc5c9f59d18 (webtiles) character file.

Game seed: 6315273312802255721

92 Asher535 the Shield-Bearer (level 4, -2/41 HPs)
             Began as a Minotaur Fighter on Aug 3, 2022.
             Succumbed to a kobold brigand's poison
             ... in a sewer.
             The game lasted 00:05:50 (1788 turns).

Asher535 the Shield-Bearer (Minotaur Fighter)       Turns: 1788, Time: 00:05:50

Health: -2/41      AC:  7    Str: 22    XL:     4   Next: 35%
Magic:  3/3        EV:  9    Int:  5    God:
Gold:   116        SH:  4    Dex: 10    Spells: 3/3 levels left

rFire   . . .      SeeInvis .   a - +1 war axe
rCold   . . .      Faith    .   c - +0 buckler
rNeg    . . .      Spirit   .   b - +0 scale mail
rPois   .          Reflect  .   (helmet restricted)
rElec   .          Harm     .   (no cloak)
rCorr   .          Rampage  .   (no gloves)
Will    .....                   (no boots)
Stlth   ..........              (no amulet)
HPRegen 0.13/turn               (no ring)
MPRegen 0.08/turn               (no ring)

@: mighty, lethally poisoned (-2 -> -17), very slow
A: horns 2, retaliatory headbutt
a: no special abilities


You were in a sewer.
You visited 1 branch of the dungeon, and saw 3 of its levels.
You also visited: Sewer.

You collected 116 gold pieces.

Inventory:

Hand Weapons
 a - a +1 war axe (weapon)
Armour
 b - a +0 scale mail (worn)
 c - a +0 buckler (worn)
 f - a +0 ring mail
Magical Staves
 k - a staff of earth
Jewellery
 g - an amulet of reflection
 i - a ring of resist corrosion
 p - a ring of positive energy
Scrolls
 e - 3 scrolls of teleportation
 j - a scroll of enchant weapon
 l - 2 scrolls of immolation {unknown}
 m - a scroll of silence
 n - a scroll of amnesia {unknown}
 q - a scroll of fear
Potions
 h - a potion of haste {unknown}
 o - a potion of cancellation {unknown}


   Skills:
 + Level 4.4 Fighting
 + Level 3.4 Axes
 + Level 4.4 Armour
 + Level 4.5 Shields


You had 3 spell levels left.
You didn't know any spells.
Your spell library contained the following spells:

 Spells                   Type           Power      Damage    Failure   Level
 Beastly Appendage        Tmut           0%         N/A       87%         1
 Wereblood                Tmut           0%         N/A       95%         2
 Spider Form              Tmut/Pois      0%         N/A       99%         3


Dungeon Overview and Level Annotations

Branches:
Dungeon (3/15)              Sewer (1/1)

Altars:


Innate Abilities, Weirdness & Mutations

You have a pair of horns on your head.
You reflexively headbutt those who attack you in melee.


Message History

The kobold brigand shouts!
The kobold brigand throws a poisoned dart.
The poisoned dart hits you.
You are poisoned.
You feel sick.
You slash the river rat!
You kill the river rat!
You feel sick.
You feel sick.
You feel sick.
You are no longer poisoned.
You enter the shallow water.
Moving in this stuff is going to be slow.
You barely miss the kobold brigand.
Your headbutt misses the kobold brigand.
You block the kobold brigand's attack.
Your unstable footing causes you to fumble your attack.
The kobold brigand hits you but does no damage.
You are poisoned.
Your unstable footing causes you to fumble your attack.
You feel very sick.
The kobold brigand hits you with a +2 short sword of venom.
* * * LOW HITPOINT WARNING * * *
You are lethally poisoned!
The kobold brigand splashes around in the water.
Your unstable footing causes you to fumble your attack.
* * * LOW HITPOINT WARNING * * *
You feel very sick. The kobold brigand closely misses you.
You furiously retaliate!
You headbutt the kobold brigand.
You feel very mighty all of a sudden.
* * * LOW HITPOINT WARNING * * *
You feel very sick.
The kobold brigand hits you with a +2 short sword of venom.
* * * LOW HITPOINT WARNING * * *
You are more poisoned.
You closely miss the kobold brigand.
Your headbutt misses the kobold brigand.
The kobold brigand is lightly wounded.
You die...

#≈# #≈# ##≈##
##.~.## #
S.####....~##≈##
r~~~~~..∩.~≈≈≈≈≈
#.∩...# ##.).##
##@## #K# #~#
#~# ~.~ ...
.~... ...~.
##..~##


You could see a kobold brigand.

Vanquished Creatures
  3 adders (D:2)
  A river rat (Sewer)
  2 worms (D:3)
  A ball python (D:1)
  A bat (D:2)
  6 endoplasms
  A giant cockroach (D:3)
  5 goblins
  7 hobgoblins
  4 jackals (D:2)
  2 quokkas
  3 frilled lizards
  5 kobolds
  2 rats
  A spectral goblin (D:2)
44 creatures vanquished.

Notes
Turn   | Place    | Note
-------+----------+-------------------------------------------
     0 | D:1      | Asher535 the Minotaur Fighter began the quest for the Orb.
     0 | D:1      | Reached XP level 1. HP: 19/19 MP: 0/0
   206 | D:1      | Reached XP level 2. HP: 27/27 MP: 1/1
   318 | D:1      | Found Otsuh's General Store.
   501 | D:1      | You fall into a shaft and drop 1 floor!
   537 | D:2      | Found a faded altar of an unknown god.
   648 | D:2      | Reached XP level 3. HP: 31/33 MP: 2/2
  1628 | D:3      | Reached XP level 4. HP: 36/40 MP: 3/3
  1735 | D:3      | Found a glowing drain.
  1762 | Sewer    | Entered a sewer
  1776 | Sewer    | Noticed a kobold brigand
  1787 | Sewer    | HP: 2/41 [kobold brigand/+2 short sword of venom (3)]
  1788 | Sewer    | Succumbed to a kobold brigand's poison

Illustrated notes

Levels and vault maps discovered:
D:1:      sevenhm_arrival_forest_fort_small_3, layout_basic, serial_shops,
          nicolae_lakefront_shop, grunt_decor_cap
D:2:      layout_basic, dreamdust_ecumenical_altar_drowned_temple
D:3:      layout_loops_cross, nicolae_overflow_hidden_temple,
          cheibrodos_sewer_entry_bend
Sewer:    sewer_co_15_rooms

Skill      XL: |  1  2 |
---------------+-------+-----
Fighting       | 4 |  4.4
Axes           | 3 |  3.4
Armour         | 4 |  4.4
Shields        | 4 |  4.5

Action                   |  1- 3 |  4- 6 || total
-------------------------+-------+-------++-------
Melee: War axe           |    88 |    32 ||   120
       Headbutt          |     8 |     2 ||    10
  Use: Scroll            |     5 |       ||     5
       Potion            |       |     1 ||     1
Armor: Scale mail        |    40 |     6 ||    46
Dodge: Dodged            |    30 |     9 ||    39
Block: Buckler           |    48 |     4 ||    52
       Reflection        |     3 |       ||     3

Table legend: (Time is in decaauts)
 A = Elapsed time spent in this place.
 B = Non-inter-level travel time spent in this place.
 C = Inter-level travel time spent in this place.
 D = Time resting spent in this place.
 E = Time spent auto-exploring this place.
 F = Levels seen in this place.
 G = Mean time per level.
                   A        B        C        D        E       F      G
               +--------+--------+--------+--------+--------+-----+--------+
         Total |   1842 |   1833 |      9 |      7 |   1299 |   4 |  460.5 |
       Dungeon |   1812 |   1803 |      9 |      7 |   1299 |   3 |  604.0 |
         Sewer |     29 |     29 |      0 |      0 |      0 |   1 |   29.0 |
               +--------+--------+--------+--------+--------+-----+--------+

Top non-repeatable levels by time:
     D:2: 1079 daAuts
     D:1: 515 daAuts
     D:3: 218 daAuts
   Sewer: 29 daAuts
